 Dungeon Crawl Stone Soup version 0.29.0-4-gdea44cf6ec (webtiles) character file.

Game seed: 9544033705235950432

7599 qw the Blocker (level 10, -7/96 HPs)
             Began as a Troll Cinder Acolyte on Sept 1, 2022.
             Was a Believer of Ignis.
             Mangled by a freezing wraith (12 damage)
             ... on level 8 of the Dungeon.
             The game lasted 00:04:18 (8063 turns).

qw the Blocker (Troll Cinder Acolyte)               Turns: 8063, Time: 00:04:19

Health: -7/96      AC: 10    Str: 33    XL:     10   Next: 97%
Magic:  10/10      EV:  7    Int: 10    God:    Ignis [**....]
Gold:   455        SH: 18    Dex:  4    Spells: 11/11 levels left

rFire   + . .      SeeInvis .     - Unarmed
rCold   . . .      Faith    .   m - +4 tower shield of Meagelootal {Dex+2}
rNeg    . . .      Spirit   .   a - +0 robe
rPois   .          Reflect  .   c - +1 hat of the Valley {Str+5 Dex-3}
rElec   .          Harm     .   k - +1 cloak
rCorr   .          Rampage  .   (gloves unavailable)
Will    .....                   (boots unavailable)
Stlth   +.........              e - amulet of regeneration
HPRegen 1.86/turn               (no ring)
MPRegen 0.12/turn               (no ring)

@: corroded, fiery-armoured, slowed, very slow
A: large, unfitting armour, claws 3, regeneration 1, shaggy fur 1, tough skin 1
a: Renounce Religion, Fiery Armour, Foxfire Swarm, Rising Flame


You were on level 8 of the Dungeon.
You worshipped Ignis.
Ignis was pleased with you.
You visited 1 branch of the dungeon, and saw 8 of its levels.

You collected 455 gold pieces.


Innate Abilities, Weirdness & Mutations

You are too large for most types of armour.
You have claws for hands.
Your natural rate of healing is unusually fast.
You are covered in fur. (AC +1)
You have tough skin. (AC +1)


   Skills:
 - Level 5.0 Fighting
 - Level 3.2 Throwing
 - Level 1.4 Dodging
 - Level 11.3 Shields
 + Level 9.9 Unarmed Combat
 - Level 1.0 Spellcasting
 - Level 2.1 Fire Magic


You had 11 spell levels left.
You didn't know any spells.
Your spell library contained the following spells:

 Spells                   Type           Power      Damage    Failure   Level
 Scorch                   Fire           8%         2d5       61%         2

Inventory:

Missiles
 f - a javelin
 l - 7 boomerangs
 n - 3 large rocks (quivered)
Armour
 a - a +0 robe (worn)
 c - the +1 hat of the Valley (worn) {Str+5 Dex-3}
   (You acquired it on level 6 of the Dungeon)

   Str:       It affects your strength (+5).
   Dex:       It affects your dexterity (-3).
 i - the +0 cloak of Hedge Wizardry {Fly rElec rF+ Dex-5}
   (You found it on level 3 of the Dungeon)

   Dex:       It affects your dexterity (-5).
   rF:        It protects you from fire.
   rElec:     It insulates you from electricity.
   Fly:       It grants you flight.
 k - a +1 cloak (worn)
 m - the +4 tower shield of Meagelootal (worn) {Dex+2}
   (You acquired it on level 7 of the Dungeon)

   Dex:       It affects your dexterity (+2).
Jewellery
 e - an amulet of regeneration (around neck)
Scrolls
 g - 7 scrolls of teleportation
 j - 2 scrolls of identify
Potions
 b - a potion of mutation
 d - a potion of might
 h - a potion of curing
 o - a potion of cancellation

Dungeon Overview and Level Annotations

Branches:
Dungeon (8/15)             Temple (0/1) D:6            Lair (0/5) D:8

Altars:
Ashenzari
Fedhas
Makhleb
Nemelex Xobeh
Yredelemnul


Message History

The steam dragon is burned by your cloak of flames.
The steam dragon is almost dead.
You block the steam dragon's attack.
You closely miss the steam dragon.
The steam dragon is almost dead.
You block the steam dragon's attack. x2
The freezing wraith hits you but does no damage.
The freezing wraith is burned terribly!
The freezing wraith is burned by your cloak of flames.
The freezing wraith is heavily damaged.
The freezing wraith hits you. You block the steam dragon's attack.
The steam dragon claws you. The freezing wraith misses you.
The freezing wraith hits you! The freezing wraith drains your vigour!
You feel as though you will be slow longer.
The steam dragon closely misses you. The steam dragon claws you.
The steam dragon is burned by your cloak of flames.
You kill the steam dragon!
You hear a splash.
The steam dragon scales are intact enough to wear.
You claw the freezing wraith!
The freezing wraith is severely damaged.
You block the freezing wraith's attack. The freezing wraith hits you.
The freezing wraith drains your vigour!
You feel as though you will be slow longer.
The freezing wraith is burned terribly!
The freezing wraith is burned by your cloak of flames.
The freezing wraith is almost destroyed.
You block the acid dragon's attack. x2
You scratch the freezing wraith but do no damage.
The freezing wraith is almost destroyed.
The steam dragon breathes steam at you. The ball of steam hits you. You resist.
You block the freezing wraith's attack. x2
The acid dragon spits acid at you. The splash of acid hits you!!
The acid corrodes you! You block the steam dragon's attack.
The steam dragon claws you but does no damage.
The steam dragon is burned by your cloak of flames.
The steam dragon is moderately wounded.
The freezing wraith hits you. The freezing wraith freezes you!
You die...

..#7.~..#...7...%...7...#777.7#..
..#7.~.7########)########7.).7#..
..#7..77#.7.7.#.).#77.77#.###.#..
..#7.77777)7.77...77.7.77.#.#.#..
.........)7.7.'<8>'.777...#.).(..
..#777.777.7.77...77.7.77.#.#)#..
..#7...7#.7.7.#..[#77.77#.###.#..
..#777..########'## ### #7...7#.#
..#7..~.# 7@7 777.7#.#
..#7.~~.#7.~~~~DWDY~~~.7 77.77#.#
..#77~~.#.~~~~~~~~~~~~~. 7.77 #.#
..# 7..7#7.~~~~~~~~~~~.7 77.7 #.#
..#######77....7.7....77 ######'#
........# ######.###### #.......
.###....# #.# #....... .# #....#
.#[ #....... .# #....# #.......


You could see a freezing wraith, a steam dragon (catching breath), an acid
dragon and an ice beast.

Vanquished Creatures
  A boulder beetle (D:7)
  A centaur warrior (D:8)
  A two-headed ogre (D:8)
  Pikel (D:4)
  A cyclops (D:7)
  Grinder (D:3)
  Eustachio (D:6)
  2 wyverns
  A hog (shapeshifter) (D:7)
  3 steam dragons
  Grum (D:8)
  2 acid dragons (D:8)
  A water moccasin (D:7)
  An ice beast (D:6)
  2 sky beasts (D:8)
  3 wolves (D:8)
  4 ogres
  3 centaurs
  2 phantoms
  3 lemures (D:4)
  A kobold brigand (D:8)
  4 bullfrogs
  A scorpion (D:6)
  2 necrophages
  10 wights
  7 killer bees
  3 howler monkeys (D:7)
  An electric eel (D:8)
  An orc priest (D:4)
  2 jellies
  2 hounds
  A gnoll bouda (D:7)
  3 iguanas
  Natasha (thrice) (D:3)
  5 orc wizards
  Robin (D:2)
  8 gnolls
  7 adders
  4 shadow imps
  4 white imps
  An ufetubus (D:4)
  A worm (D:2)
  3 dart slugs
  24 orcs
  8 ball pythons
  4 bats (D:2)
  5 endoplasms
  6 giant cockroaches (D:1)
  11 goblins
  12 hobgoblins
  19 kobolds
  4 quokkas
  5 frilled lizards (D:1)
  3 rats (D:1)
211 creatures vanquished.

Vanquished Creatures (others)
  14 fungi (D:4)
  14 plants
28 creatures vanquished.

Grand Total: 239 creatures vanquished

Notes
Turn   | Place    | Note
-------+----------+-------------------------------------------
     0 | D:1      | qw the Troll Cinder Acolyte began the quest for the Orb.
     0 | D:1      | Reached XP level 1. HP: 22/22 MP: 1/1
     0 | D:1      | 0 ||| qw: Version: 0.1-a-97-g2dd2ca4
     0 | D:1      | 0 ||| qw: Game counter: 4820
     0 | D:1      | 0 ||| qw: Always use a shield: true
     0 | D:1      | 0 ||| qw: God list: Okawaru
     0 | D:1      | 0 ||| qw: Allow faded altars: false
     0 | D:1      | 0 ||| qw: Do Orc after D:15 true
     0 | D:1      | 0 ||| qw: Do second Lair branch before Depths: true
     0 | D:1      | 0 ||| qw: Lair rune preference: random
     0 | D:1      | 0 ||| qw: Plans: Normal
     0 | D:1      | 0 ||| PLANNING D:1-11
    98 | D:1      | Reached XP level 2. HP: 29/29 MP: 2/2
   104 | D:1      | 104 ||| Stepping ~*~*~tactically~*~*~ (stealth).
   111 | D:1      | 111 ||| Stepping ~*~*~tactically~*~*~ (stealth).
   121 | D:1      | 121 ||| Stepping ~*~*~tactically~*~*~ (hiding).
   422 | D:1      | 422 ||| Stepping ~*~*~tactically~*~*~ (stealth).
   425 | D:1      | 425 ||| Stepping ~*~*~tactically~*~*~ (stealth).
   431 | D:1      | 431 ||| Stepping ~*~*~tactically~*~*~ (outnumbered).
   674 | D:1      | Reached XP level 3. HP: 34/36 MP: 3/3
   706 | D:1      | Found a faded altar of an unknown god.
   724 | D:1      | Found a faded altar of an unknown god.
  1049 | D:1      | 1049 ||| UPGRADING to amulet of regeneration.
  1054 | D:1      | 1054 ||| READING scroll labelled UMUIMUX XINEUMP.
  1055 | D:1      | 1055 ||| READING scroll labelled TEOFRO QAMYI.
  1111 | D:2      | Noticed Robin
  1112 | D:2      | 1112 ||| STAIRDANCE
  1124 | D:2      | 1124 ||| STAIRDANCE
  1126 | D:1      | 1126 ||| Stepping ~*~*~tactically~*~*~ (outnumbered).
  1127 | D:1      | 1127 ||| INVOKING Fiery Armour.
  1128 | D:1      | 1128 ||| Stepping ~*~*~tactically~*~*~ (outnumbered).
  1128 | D:1      | HP: 9/36 [poisoned by a goblin]
  1129 | D:1      | 1129 ||| Stepping ~*~*~tactically~*~*~ (outnumbered).
  1130 | D:1      | HP: 4/36 [poisoned by a goblin]
  1131 | D:1      | 1131 ||| Stepping ~*~*~tactically~*~*~ (outnumbered).
  1132 | D:1      | 1132 ||| Stepping ~*~*~tactically~*~*~ (outnumbered).
  1133 | D:1      | HP: 1/36 [poisoned by a goblin]
  1138 | D:1      | HP: 4/36 [poisoned by a goblin]
  1168 | D:2      | 1168 ||| STAIRDANCE
  1170 | D:1      | 1170 ||| Stepping ~*~*~tactically~*~*~ (outnumbered).
  1177 | D:2      | 1177 ||| Stepping ~*~*~tactically~*~*~ (hiding).
  1182 | D:2      | Killed Robin
  1336 | D:2      | 1336 ||| Stepping ~*~*~tactically~*~*~ (stealth).
  1386 | D:2      | Reached XP level 4. HP: 43/44 MP: 4/4
  1434 | D:2      | 1434 ||| Stepping ~*~*~tactically~*~*~ (outnumbered).
  1668 | D:2      | 1668 ||| Stepping ~*~*~tactically~*~*~ (stealth).
  1670 | D:2      | 1670 ||| Stepping ~*~*~tactically~*~*~ (stealth).
  1911 | D:2      | 1911 ||| READING scroll labelled QIYDUN PYLI.
  1912 | D:2      | 1912 ||| READING scroll labelled QYUDIR UCECOCE.
  1913 | D:2      | 1913 ||| READING 2 scrolls labelled RILE YCAR.
  1918 | D:2      | 1918 ||| READING scroll labelled QITIKOSAFF.
  1943 | D:3      | Found a basalt altar of Yredelemnul.
  1952 | D:3      | Noticed Grinder
  1953 | D:3      | 1953 ||| Stepping ~*~*~tactically~*~*~ (stealth).
  1964 | D:3      | 1964 ||| Stepping ~*~*~tactically~*~*~ (hiding).
  1965 | D:3      | 1965 ||| Stepping ~*~*~tactically~*~*~ (hiding).
  1973 | D:3      | 1973 ||| FLEEEEING.
  1974 | D:3      | 1974 ||| FLEEEEING.
  1975 | D:3      | 1975 ||| FLEEEEING.
  1976 | D:3      | 1976 ||| FLEEEEING.
  2020 | D:3      | 2020 ||| Stepping ~*~*~tactically~*~*~ (hiding).
  2148 | D:3      | Noticed Natasha
  2154 | D:3      | Killed Natasha
  2155 | D:3      | Reached XP level 5. HP: 46/50 MP: 5/5
  2219 | D:3      | Noticed Natasha
  2227 | D:3      | Killed Natasha
  2228 | D:3      | Reached skill level 1 in Throwing
  2248 | D:3      | 2248 ||| Stepping ~*~*~tactically~*~*~ (stealth).
  2250 | D:3      | 2250 ||| Stepping ~*~*~tactically~*~*~ (hiding).
  2253 | D:3      | Reached skill level 6 in Unarmed Combat
  2255 | D:3      | 2255 ||| INVOKING Fiery Armour.
  2317 | D:3      | Identified the +0 cloak of Hedge Wizardry {Fly rElec rF+
                  | Dex-5}
  2332 | D:3      | 2332 ||| Stepping ~*~*~tactically~*~*~ (hiding).
  2468 | D:3      | Identified the +9 flail "Kexzir" {vorpal, rF+ Str+6}
  2574 | D:3      | 2574 ||| Stepping ~*~*~tactically~*~*~ (outnumbered).
  2575 | D:3      | 2575 ||| Stepping ~*~*~tactically~*~*~ (outnumbered).
  2576 | D:3      | 2576 ||| Stepping ~*~*~tactically~*~*~ (outnumbered).
  2577 | D:3      | 2577 ||| Stepping ~*~*~tactically~*~*~ (outnumbered).
  2583 | D:3      | Killed Grinder
  2584 | D:3      | Reached XP level 6. HP: 59/59 MP: 6/6
  2618 | D:3      | Noticed Natasha
  2619 | D:3      | 2619 ||| Stepping ~*~*~tactically~*~*~ (hiding).
  2626 | D:3      | Killed Natasha
  3014 | D:3      | 3014 ||| DRINKING 2 blue potions.
  3015 | D:3      | 3015 ||| DRINKING 2 glowing amethyst potions.
  3016 | D:3      | 3016 ||| DROPPING potion of attraction.
  3017 | D:3      | 3017 ||| DROPPING potion of invisibility.
  3087 | D:4      | 3087 ||| Stepping ~*~*~tactically~*~*~ (hiding).
  3090 | D:4      | 3090 ||| INVOKING Fiery Armour.
  3094 | D:4      | 3094 ||| Stepping ~*~*~tactically~*~*~ (outnumbered).
  3102 | D:4      | Reached XP level 7. HP: 59/66 MP: 7/7
  3122 | D:4      | Identified the +8 short sword of Amorality {venom, rCorr
                  | Int+4 Dex+4}
  3150 | D:4      | 3150 ||| Stepping ~*~*~tactically~*~*~ (stealth).
  3157 | D:4      | 3157 ||| Stepping ~*~*~tactically~*~*~ (outnumbered).
  3163 | D:4      | Noticed Pikel
  3175 | D:4      | Killed Pikel
  3176 | D:4      | Reached XP level 8. HP: 77/80 MP: 8/8
  3231 | D:4      | 3231 ||| Stepping ~*~*~tactically~*~*~ (stealth).
  3232 | D:4      | 3232 ||| Stepping ~*~*~tactically~*~*~ (stealth).
  3233 | D:4      | 3233 ||| Stepping ~*~*~tactically~*~*~ (stealth).
  3663 | D:4      | 3663 ||| UPGRADING to +0 cloak.
  3668 | D:4      | 3668 ||| READING scroll labelled FUHILI YG RETE.
  3686 | D:5      | Entered Level 5 of the Dungeon
  3985 | D:5      | 3985 ||| READING scroll of enchant armour.
  3985 | D:5      | 3985 ||| ENCHANTING +0 cloak.
  4246 | D:5      | Reached skill level 9 in Unarmed Combat
  4368 | D:5      | 4368 ||| INVOKING Fiery Armour.
  4371 | D:5      | Reached skill level 1 in Dodging
  4768 | D:5      | 4768 ||| UPGRADING to +0 kite shield.
  4773 | D:5      | 4773 ||| READING scroll labelled DERYJI CUQITE.
  4774 | D:5      | 4774 ||| READING scroll labelled GIALLA XAYVO.
  4775 | D:5      | 4775 ||| READING scroll labelled JEXIYX FONYFFU.
  4776 | D:5      | 4776 ||| DRINKING 2 sedimented yellow potions.
  4777 | D:5      | 4777 ||| READING 3 scrolls of identify.
  4777 | D:5      | 4777 ||| IDENTIFYING clear potion
  4778 | D:5      | 4778 ||| READING 2 scrolls of identify.
  4778 | D:5      | 4778 ||| IDENTIFYING sedimented puce potion
  4779 | D:5      | 4779 ||| DROPPING potion of berserk rage.
  4780 | D:5      | 4780 ||| DROPPING potion of flight.
  4781 | D:5      | 4781 ||| DROPPING potion of brilliance.
  4904 | D:6      | Reached skill level 2 in Shields
  4927 | D:6      | Found a blossoming altar of Fedhas.
  4934 | D:6      | 4934 ||| Stepping ~*~*~tactically~*~*~ (hiding).
  5247 | D:6      | Found a staircase to the Ecumenical Temple.
  5377 | D:6      | Found a sparkling altar of Nemelex Xobeh.
  5474 | D:6      | Reached skill level 3 in Shields
  5618 | D:6      | 5618 ||| Stepping ~*~*~tactically~*~*~ (stealth).
  5620 | D:6      | 5620 ||| Stepping ~*~*~tactically~*~*~ (stealth).
  5628 | D:6      | 5628 ||| Stepping ~*~*~tactically~*~*~ (stealth).
  5629 | D:6      | 5629 ||| Stepping ~*~*~tactically~*~*~ (outnumbered).
  5630 | D:6      | 5630 ||| Stepping ~*~*~tactically~*~*~ (outnumbered).
  5631 | D:6      | 5631 ||| Stepping ~*~*~tactically~*~*~ (outnumbered).
  5632 | D:6      | 5632 ||| Stepping ~*~*~tactically~*~*~ (outnumbered).
  5633 | D:6      | 5633 ||| Stepping ~*~*~tactically~*~*~ (outnumbered).
  5634 | D:6      | 5634 ||| Stepping ~*~*~tactically~*~*~ (outnumbered).
  5642 | D:6      | Reached skill level 4 in Shields
  5644 | D:6      | Reached XP level 9. HP: 54/88 MP: 9/9
  5774 | D:6      | Noticed Eustachio
  5777 | D:6      | 5777 ||| INVOKING Fiery Armour.
  5778 | D:6      | 5778 ||| Stepping ~*~*~tactically~*~*~ (outnumbered).
  5779 | D:6      | 5779 ||| Stepping ~*~*~tactically~*~*~ (outnumbered).
  5780 | D:6      | 5780 ||| Stepping ~*~*~tactically~*~*~ (outnumbered).
  5794 | D:6      | 5794 ||| Stepping ~*~*~tactically~*~*~ (outnumbered).
  5797 | D:6      | 5797 ||| Stepping ~*~*~tactically~*~*~ (outnumbered).
  5798 | D:6      | 5798 ||| Stepping ~*~*~tactically~*~*~ (outnumbered).
  5799 | D:6      | 5799 ||| Stepping ~*~*~tactically~*~*~ (outnumbered).
  5802 | D:6      | 5802 ||| Stepping ~*~*~tactically~*~*~ (outnumbered).
  5803 | D:6      | 5803 ||| Stepping ~*~*~tactically~*~*~ (outnumbered).
  5809 | D:6      | 5809 ||| Stepping ~*~*~tactically~*~*~ (outnumbered).
  5939 | D:6      | 5939 ||| Stepping ~*~*~tactically~*~*~ (hiding).
  6065 | D:6      | Reached skill level 5 in Shields
  6071 | D:6      | 6071 ||| Stepping ~*~*~tactically~*~*~ (stealth).
  6097 | D:6      | Killed Eustachio
  6116 | D:6      | Found a burning altar of Makhleb.
  6265 | D:6      | 6265 ||| DROPPING ring of wizardry.
  6266 | D:6      | 6266 ||| READING scroll labelled COYLILE IS WUM.
  6266 | D:6      | Identified a scroll of acquirement
  6266 | D:6      | 6266 ||| ACQUIRING +1 hat of the Valley {Str+5 Dex-3}
  6266 | D:6      | Acquired the +1 hat of the Valley {Str+5 Dex-3}
  6268 | D:6      | 6268 ||| READING scroll labelled KEUXTICOYMU.
  6269 | D:6      | 6269 ||| DRINKING 2 fuming grey potions.
  6270 | D:6      | 6270 ||| DRINKING 2 inky potions.
  6271 | D:6      | 6271 ||| DROPPING potion of degeneration.
  6372 | D:7      | 6372 ||| Stepping ~*~*~tactically~*~*~ (hiding).
  6385 | D:7      | 6385 ||| Stepping ~*~*~tactically~*~*~ (stealth).
  6387 | D:7      | 6387 ||| Stepping ~*~*~tactically~*~*~ (stealth).
  6434 | D:7      | 6434 ||| Stepping ~*~*~tactically~*~*~ (stealth).
  6436 | D:7      | 6436 ||| Stepping ~*~*~tactically~*~*~ (hiding).
  6480 | D:7      | 6480 ||| Stepping ~*~*~tactically~*~*~ (hiding).
  6494 | D:7      | Reached skill level 6 in Shields
  6494 | D:7      | 6494 ||| FLEEEEING.
  6499 | D:7      | 6499 ||| FLEEEEING.
  6500 | D:7      | 6500 ||| Stepping ~*~*~tactically~*~*~ (hiding).
  6545 | D:7      | 6545 ||| READING scroll of acquirement.
  6545 | D:7      | 6545 ||| ACQUIRING +4 tower shield of Meagelootal {Dex+2}
  6545 | D:7      | Acquired the +4 tower shield of Meagelootal {Dex+2}
  6547 | D:7      | 6547 ||| UPGRADING to +4 tower shield of Meagelootal
                  | {Dex+2}.
  6557 | D:7      | 6557 ||| DROPPING +0 kite shield.
  6695 | D:7      | 6695 ||| Stepping ~*~*~tactically~*~*~ (stealth).
  6707 | D:7      | Reached skill level 7 in Shields
  6733 | D:7      | 6733 ||| Stepping ~*~*~tactically~*~*~ (stealth).
  6988 | D:7      | 6988 ||| READING scroll labelled AXTIVOIPI.
  6989 | D:7      | 6989 ||| READING scroll labelled VUODULUCWO.
  6990 | D:7      | 6990 ||| READING 2 scrolls of identify.
  6990 | D:7      | 6990 ||| IDENTIFYING emerald potion
  7153 | D:8      | Found a broken altar of Ashenzari.
  7264 | D:8      | 7264 ||| Stepping ~*~*~tactically~*~*~ (hiding).
  7289 | D:8      | 7289 ||| FLEEEEING.
  7290 | D:8      | 7290 ||| FLEEEEING.
  7299 | D:8      | 7299 ||| FLEEEEING.
  7300 | D:8      | 7300 ||| FLEEEEING.
  7317 | D:8      | 7317 ||| FLEEEEING.
  7377 | D:8      | 7377 ||| Stepping ~*~*~tactically~*~*~ (stealth).
  7381 | D:8      | 7381 ||| Stepping ~*~*~tactically~*~*~ (stealth).
  7383 | D:8      | 7383 ||| INVOKING Fiery Armour.
  7388 | D:8      | 7388 ||| Stepping ~*~*~tactically~*~*~ (stealth).
  7420 | D:8      | Found a staircase to the Lair.
  7459 | D:8      | Noticed a two-headed ogre
  7463 | D:8      | 7463 ||| Stepping ~*~*~tactically~*~*~ (stealth).
  7464 | D:8      | 7464 ||| Stepping ~*~*~tactically~*~*~ (stealth).
  7468 | D:8      | Killed a two-headed ogre
  7469 | D:8      | Reached skill level 8 in Shields
  7469 | D:8      | Reached XP level 10. HP: 46/96 MP: 10/10
  7542 | D:8      | Noticed Grum
  7542 | D:8      | 7542 ||| INVOKING Fiery Armour.
  7545 | D:8      | 7545 ||| Stepping ~*~*~tactically~*~*~ (outnumbered).
  7547 | D:8      | 7547 ||| Stepping ~*~*~tactically~*~*~ (outnumbered).
  7562 | D:8      | Reached skill level 9 in Shields
  7572 | D:8      | Killed Grum
  7716 | D:8      | Noticed a cyclops
  7717 | D:8      | 7717 ||| Stepping ~*~*~tactically~*~*~ (hiding).
  7719 | D:8      | 7719 ||| Stepping ~*~*~tactically~*~*~ (outnumbered).
  7721 | D:8      | Noticed a centaur warrior
  7726 | D:8      | Killed a centaur warrior
  7727 | D:8      | Reached skill level 10 in Shields
  7727 | D:8      | 7727 ||| Stepping ~*~*~tactically~*~*~ (outnumbered).
  7728 | D:8      | 7728 ||| INVOKING Fiery Armour.
  7732 | D:8      | 7732 ||| Stepping ~*~*~tactically~*~*~ (outnumbered).
  7733 | D:8      | 7733 ||| STAIRDANCE
  7754 | D:7      | 7754 ||| UPGRADING to +1 hat of the Valley {Str+5 Dex-3}.
  7759 | D:7      | 7759 ||| READING 2 scrolls labelled DUENAU KOFRO.
  7760 | D:7      | 7760 ||| READING 4 scrolls of identify.
  7760 | D:7      | 7760 ||| IDENTIFYING golden potion
  7761 | D:7      | 7761 ||| READING 3 scrolls of identify.
  7761 | D:7      | 7761 ||| IDENTIFYING red potion
  7762 | D:7      | 7762 ||| DROPPING scroll of poison.
  7764 | D:8      | Noticed a boulder beetle
  7765 | D:8      | 7765 ||| STAIRDANCE
  7773 | D:7      | Killed a cyclops
  7794 | D:8      | 7794 ||| STAIRDANCE
  7804 | D:8      | 7804 ||| STAIRDANCE
  7815 | D:7      | Reached skill level 3 in Throwing
  7819 | D:8      | 7819 ||| STAIRDANCE
  7833 | D:7      | 7833 ||| INVOKING Fiery Armour.
  7835 | D:7      | Killed a boulder beetle
  7836 | D:7      | Reached skill level 11 in Shields
  7852 | D:8      | 7852 ||| STAIRDANCE
  7863 | D:8      | 7863 ||| Stepping ~*~*~tactically~*~*~ (hiding).
  7963 | D:8      | 7963 ||| Stepping ~*~*~tactically~*~*~ (stealth).
  7965 | D:8      | 7965 ||| Stepping ~*~*~tactically~*~*~ (hiding).
  8053 | D:8      | 8053 ||| INVOKING Fiery Armour.
  8063 | D:8      | HP: 10/96 [acid dragon/splash of acid (24)]
  8063 | D:8      | Mangled by a freezing wraith

Levels and vault maps discovered:
D:1:      nicolae_arrival_washed_ashore, layout_loops_ring,
          hellmonk_ecumenical_altar_the_god_not_taken, st_stairs_9
D:2:      wad_lake_hut, layout_basic, minmay_ruptured, uniq_robin
D:3:      layout_basic, mainiacjoe_overflow_catwalk, uniq_natasha, uniq_grinder
D:4:      layout_basic, dreamdust_mushroom_princess, minmay_cut_off, uniq_pikel
D:5:      layout_basic, chequers_arboretum, minmay_misc_feat_cross
D:6:      layout_layer_cave, lemuel_round_altar, kennysheep_mini,
          fedhas_altar_3, minmay_temple_entry_stoned_glass, uniq_eustachio
D:7:      layout_basic
D:8:      nzn_winding_woodlands_stair_cross
          [nzn_winding_woodlands_5x15_pathside_ponds,
          nzn_winding_woodlands_center_garden,
          nzn_winding_woodlands_5x15_sidewinder,
          nzn_winding_woodlands_5x5_checkerboard,
          nzn_winding_woodlands_5x5_closed_star,
          nzn_winding_woodlands_5x15_river_crossing,
          nzn_winding_woodlands_center_diamonds,
          nzn_winding_woodlands_5x15_cabin], layout_basic, kennysheep_mini_moat,
          special_room [special_room_orc], uniq_grum

Skill      XL: |  1  2  3  4  5  6  7  8  9 10 |
---------------+-------------------------------+-----
Unarmed Combat | 4 5 7 8 9 |  9.9
Throwing       | 1 2 3 |  3.2
Fighting       | 5 |  5.0
Dodging        | 1 |  1.4
Shields        | 4 8 11 | 11.3
Spellcasting   | |  1.0
Fire Magic     | |  2.1

Action                   |  1- 3 |  4- 6 |  7- 9 | 10-12 || total
-------------------------+-------+-------+-------+-------++-------
Melee: Unarmed           |   117 |   108 |   237 |   145 ||   607
       Punch             |     1 |       |       |       ||     1
Throw: Javelin           |       |     9 |    42 |     2 ||    53
       Boomerang         |       |       |     2 |       ||     2
       Large rock        |       |       |       |     4 ||     4
Invok: Fiery Armour      |     1 |     2 |     3 |     4 ||    10
  Use: Scroll            |     2 |     4 |    13 |     3 ||    22
       Potion            |       |     2 |     3 |       ||     5
Armor: Robe              |    57 |    32 |    60 |    63 ||   212
Dodge: Dodged            |    54 |    37 |    72 |    27 ||   190
Block: Kite shield       |       |       |    29 |       ||    29
       Tower shield      |       |       |    39 |   146 ||   185

Table legend:
 A = Non-vault XP
 B = Vault XP
 C = Vault XP percentage of total XP
 D = Non-vault monster count
 E = Vault monster count
 F = Vault count percentage of total count
                 A         B        C        D         E       F
            +---------+---------+-------+---------+---------+-------
      Total |    5044 |    5813 |  53.5 |     141 |      67 |  32.2
            +---------+---------+-------+---------+---------+-------
        D:1 |      44 |      21 |  32.3 |      25 |      11 |  30.6
        D:2 |      66 |      30 |  31.2 |      16 |      10 |  38.5
        D:3 |     165 |     330 |  66.7 |      17 |       2 |  10.5
        D:4 |     415 |     634 |  60.4 |      15 |       3 |  16.7
        D:5 |     455 |       0 |   0.0 |       9 |       0 |   0.0
        D:6 |    1036 |     202 |  16.3 |      18 |       1 |   5.3
        D:7 |    1404 |    1927 |  57.9 |      24 |       8 |  25.0
        D:8 |    1459 |    2669 |  64.7 |      17 |      32 |  65.3
            +---------+---------+-------+---------+---------+-------
